AoeStats
← Philip♿

Arabia

510172043Analyzed
3v3 RM · 3d ago on Sep 29, 2026· 78m 5s· 6 players
Game mode
Random Map
Map size
Normal (6 player)
Population
200
Speed
Normal
Resources
Standard
Victory
Conquest
Starting age
Dark Age
Ending age
Imperial Age
RankedLock teamsTeams togetherTeam positionsShared explorationLock speedFull tech treeHidden civsTurbo modeCheats
Victory
Defeat
🇸🇦 Burmese · Saudi Arabia
971
+15
🇲🇰 Varangians · North Macedonia
967
+15
🇸🇦 Persians · Saudi Arabia
702
+25
🇪🇸 Jurchens · Spain
975
-20
🇪🇸 Bohemians · Spain
934
-18
🇪🇸 Berbers · Spain
904
-17
dre
6:18 Loom
10:20 Feudal Age
12:04 Double-Bit Axe
13:59 Bloodlines
17:55 Horse Collar
18:42 Forging
21:53 Scale Barding Armor
25:20 Castle Age
25:10 Gold Mining
26:50 Husbandry
29:19 Stone Mining
30:17 Wheelbarrow
29:47 Heavy Plow
32:45 Chain Barding Armor
34:25 Hand Cart
35:22 Stone Shaft Mining
35:54 Iron Casting
35:10 Fletching
39:12 Imperial Age
37:47 Bow Saw
38:49 Ballistics
38:40 Masonry
38:26 Murder Holes
38:49 Town Watch
41:22 Caravan
42:04 Conscription
42:00 Elite Jarl
43:53 Two-Man Saw
43:48 Plate Barding Armor
48:09 Blast Furnace
47:06 Bodkin Arrow
49:49 Pikeman
64:03 Scale Mail Armor
64:03 Bracer
63:29 Halberdier
63:55 Gambesons
64:12 Squires
63:58 Arson
65:09 Chain Mail Armor
77:40 Town Patrol
Philip♿
10:20 Feudal Age
11:24 Double-Bit Axe
12:28 Horse Collar
16:49 Loom
23:04 Castle Age
21:49 Stone Mining
24:35 Pikeman
25:44 Heavy Plow
26:04 Bow Saw
26:59 Stone Shaft Mining
32:45 Wheelbarrow
38:10 Gold Mining
38:57 Hand Cart
41:57 Gold Shaft Mining
47:38 Imperial Age
47:44 Elite War Elephant
48:55 Parthian Tactics
48:59 Scale Barding Armor
48:55 Padded Archer Armor
48:45 Fletching
48:56 Scale Mail Armor
49:17 Forging
50:13 Crop Rotation
50:45 Halberdier
53:12 Chain Barding Armor
53:07 Chain Mail Armor
53:28 Iron Casting
53:08 Leather Archer Armor
52:50 Bodkin Arrow
54:17 Squires
54:05 Arson
55:55 Heavy Cavalry Archer
66:32 Ring Archer Armor
66:38 Plate Barding Armor
66:33 Plate Mail Armor
67:03 Blast Furnace
72:04 Two-Man Saw
Topel
7:49 Loom
10:16 Feudal Age
11:27 Horse Collar
17:53 Castle Age
15:55 Gold Mining
19:21 Stone Mining
27:01 Scale Barding Armor
27:24 Fletching
27:34 Padded Archer Armor
32:57 Imperial Age
31:49 Heavy Plow
32:55 Chain Barding Armor
32:31 Bodkin Arrow
33:39 Forging
35:37 Bracer
38:51 Gold Shaft Mining
39:37 Conscription
38:38 Elite Arambai
43:50 Ballistics
44:31 Chemistry
44:29 Parthian Tactics
44:42 Iron Casting
44:43 Plate Barding Armor
44:45 Bloodlines
43:57 Light Cavalry
46:27 Hussar
48:50 Blast Furnace
50:23 Manipur Cavalry
Monorabioso438
12:13 Feudal Age
11:28 Loom
12:58 Double-Bit Axe
19:02 Wheelbarrow
18:46 Horse Collar
23:07 Castle Age
22:47 Forging
22:51 Scale Barding Armor
24:20 Husbandry
24:31 Bloodlines
24:54 Gold Mining
27:36 Iron Casting
28:58 Chain Barding Armor
28:57 Heavy Plow
33:06 Hand Cart
32:43 Town Watch
33:29 Fortified Wall
33:40 Ballistics
33:01 Treadmill Crane
33:32 Masonry
35:04 Bow Saw
35:43 Stone Mining
36:28 Gold Shaft Mining
36:44 Gold Shaft Mining
39:59 Imperial Age
37:35 Fletching
37:46 Padded Archer Armor
38:55 Kasbah
38:58 Bodkin Arrow
39:18 Leather Archer Armor
39:15 Town Patrol
40:08 Stone Shaft Mining
39:52 Caravan
40:05 Heavy Camel Rider
42:18 Conscription
42:01 Maghrebi Camels
44:28 Blast Furnace
44:04 Plate Barding Armor
43:34 Bracer
44:04 Ring Archer Armor
57:08 Elite Camel Archer
68:23 Elite Genitour
69:11 Thumb Ring
blacksword173
6:10 Loom
7:31 Loom
10:04 Feudal Age
10:49 Double-Bit Axe
17:34 Horse Collar
19:14 Wheelbarrow
23:13 Castle Age
22:12 Forging
22:12 Scale Barding Armor
23:38 Gold Mining
24:38 Chain Barding Armor
25:37 Gold Shaft Mining
26:16 Bow Saw
26:33 Bloodlines
30:20 Hand Cart
29:56 Town Watch
29:46 Pikeman
32:05 Husbandry
33:00 Iron Casting
37:26 Stone Mining
41:06 Imperial Age
41:40 Squires
41:44 Scale Mail Armor
42:51 Fletching
43:52 Plate Barding Armor
44:18 Blast Furnace
44:15 Fortified Wall
44:18 Masonry
45:51 Fletching
50:12 Chemistry
49:43 Architecture
51:54 Conscription
51:09 Elite Iron Pagoda
52:08 Caravan
53:37 Heavy Plow
53:31 Elite Steppe Lancer
53:33 Light Cavalry
55:41 Hoardings
62:29 Hussar
63:35 Fortified Bastions
67:01 Town Patrol
69:35 Elite Skirmisher
69:38 Crossbowman
70:49 Heavy Cavalry Archer
71:30 Bodkin Arrow
71:37 Padded Archer Armor
75:38 Ballistics
77:46 Bracer
charmoleck
11:00 Loom
13:23 Feudal Age
15:09 Double-Bit Axe
15:06 Horse Collar
19:02 Castle Age
19:05 Double-Bit Axe
19:05 Horse Collar
24:49 Bow Saw
26:08 Chemistry
26:17 Heavy Plow
28:05 Ballistics
29:46 Wheelbarrow
30:43 Padded Archer Armor
35:16 Town Watch
35:50 Fletching
36:15 Leather Archer Armor
37:57 Hand Cart
41:35 Imperial Age
39:25 Pikeman
41:08 Town Patrol
45:31 Elite Hussite Wagon
46:36 Conscription
46:48 Halberdier
48:19 Bodkin Arrow
49:34 Forging
49:25 Scale Mail Armor
49:56 Ring Archer Armor
49:26 Bracer
52:07 Caravan
55:36 Arson
55:52 Squires
75:13 Iron Casting
74:45 Scale Barding Armor
74:56 Chain Mail Armor
76:15 Coinage
Connection lost

Rejoining the realm…

Still unreachable

The connection could not be restored.

Session expired

The server has moved on; the page needs a fresh start.